AoeStats
← NuMa | JuanMan

Lombardia

508908865Analyzed
2v2 RM · 8d ago on Sep 24, 2026· 42m 46s· 4 players
Game mode
Random Map
Map size
Medium (4 player)
Population
200
Speed
Normal
Resources
Standard
Victory
Conquest
Starting age
Dark Age
Ending age
Imperial Age
RankedLock teamsTeams togetherTeam positionsShared explorationLock speedFull tech treeHidden civsTurbo modeCheats
Victory
Defeat
🇺🇸 Persians · United States
1299
+16
🇺🇸 Ethiopians · United States
1286
+16
🇨🇴 Magyars · Colombia
1338
-18
🇨🇴 Varangians · Colombia
1245
-14
[COL] Sagros
6:58 Loom
9:24 Feudal Age
15:16 Scale Barding Armor
20:54 Castle Age
19:13 Double-Bit Axe
19:44 Fletching
21:56 Chain Barding Armor
20:58 Light Cavalry
23:33 Husbandry
24:45 Bodkin Arrow
27:16 Padded Archer Armor
29:19 Ballistics
29:34 Bloodlines
30:42 Leather Archer Armor
33:05 Wheelbarrow
38:06 Hand Cart
NuMa | JuanMan
6:58 Loom
9:11 Feudal Age
9:18 Man-at-Arms
9:45 Double-Bit Axe
12:44 Arson
13:38 Padded Archer Armor
16:50 Horse Collar
19:09 Bloodlines
21:59 Fletching
24:50 Castle Age
23:47 Bloodlines
24:59 Elite Skirmisher
26:04 Leather Archer Armor
25:45 Bodkin Arrow
25:19 Pikeman
26:24 Scale Mail Armor
27:57 Bow Saw
29:36 Forging
30:06 Chain Mail Armor
32:32 Ballistics
Worst_Judgement
7:29 Loom
9:46 Feudal Age
16:11 Fletching
25:02 Castle Age
23:19 Padded Archer Armor
23:36 Gold Mining
23:33 Double-Bit Axe
24:22 Horse Collar
25:40 Bodkin Arrow
25:10 Crossbowman
25:28 Elite Skirmisher
27:21 Gold Shaft Mining
30:17 Ballistics
31:41 Bow Saw
34:43 Wheelbarrow
34:17 Thumb Ring
36:14 Leather Archer Armor
35:52 Stone Mining
41:22 Imperial Age
42:06 Bracer
41:29 Arbalester
42:15 Heavy Plow
TrickyDick
6:15 Loom
8:52 Feudal Age
9:26 Double-Bit Axe
22:23 Castle Age
20:41 Bloodlines
21:30 Forging
22:11 Scale Barding Armor
22:44 Horse Collar
23:28 Chain Barding Armor
23:51 Husbandry
28:26 Iron Casting
28:12 Gold Mining
29:08 Heavy Plow
33:10 Gold Shaft Mining
Connection lost

Rejoining the realm…

Still unreachable

The connection could not be restored.

Session expired

The server has moved on; the page needs a fresh start.